 Dungeon Crawl Stone Soup version 0.18-a0-1243-g9e52518 (webtiles) character file.

831 M4edhros the Sneak (level 7, -4/43 HPs)
             Began as an Octopode Artificer on Feb 6, 2016.
             Slain by a centaur
             ... wielding a +3 halberd
              (13 damage)
             ... in a bailey.
             The game lasted 00:13:16 (3197 turns).

M4edhros the Sneak (Octopode Artificer)             Turns: 3197, Time: 00:13:16

Health: -4/43      AC:  1    Str: 10    XL:     7   Next: 98%
Magic:  10/10      EV: 15    Int: 16    God:
Gold:   117        SH:  0    Dex: 13    Spells: 0 memorised, 6 levels left

rFire  . . .     SeeInvis .     j - +4 quarterstaff (chaos)
rCold  . . .     Gourm    .     (shield currently unavailable)
rNeg   . . .     Faith    .     (helmet restricted)
rPois  .         Spirit   .     (no amulet)
rElec  .         Dismiss  .     e - ring of protection from magic
rCorr  .         Reflect  .     (no ring)
SustAt .         Harm     .     (no ring)
MR     +....                    (no ring)
Stlth  +++++.....               (no ring)
                                (no ring)
                                (no ring)
                                (no ring)

@: somewhat resistant to hostile enchantments, quite stealthy
A: almost no armour, amphibious, 8 rings, constrict 8, camouflage 1, gelatinous
body 1
a: no special abilities


You were in a bailey.
You were near starving.

You visited 1 branch of the dungeon, and saw 7 of its levels.
You also visited: Bailey.

You collected 117 gold pieces.

Inventory:

Hand Weapons
 a - a +0 short sword
 h - a +0 hunting sling
 j - a +4 quarterstaff of chaos (weapon)
 n - a +1 spear of venom
Missiles
 i - 40 stones (quivered)
 k - 10 sling bullets
Jewellery
 e - a ring of protection from magic (left tentacle)
Wands
 b - a wand of flame (5/48)
 c - a wand of enslavement (0/24)
 d - a wand of random effects (0/48)
Potions
 o - a potion of resistance
Comestibles
 f - 2 bread rations
 g - 6 fruits
 l - 2 meat rations


   Skills:
 - Level 1.0 Fighting
 - Level 1.0 Short Blades
 * Level 5.9 Dodging
 * Level 7.9 Stealth
 + Level 5.1 Evocations


You had 6 spell levels left.
You didn't know any spells.

Dungeon Overview and Level Annotations

Branches:
Dungeon (8/15)
 Temple: D:4-7         Lair: D:8-11

Altars:
Elyvilon
Gozag

Annotations:
D:2 Robin
D:4 Blork the orc
D:5 Eustachio


Innate Abilities, Weirdness & Mutations

You cannot wear most types of armour.
You are amphibious.
You can wear up to eight rings at the same time.
You can use your tentacles to constrict eight enemies at once.
Your skin changes colour to match your surroundings (Stealth).
Your rubbery body absorbs attacks (AC +1).


Message History

The magic dart hits the centaur.
The centaur is lightly wounded.
This wand has 0 charges left.
The centaur barely misses you. The centaur closely misses you.
The centaur hits you with an enchanted halberd!
* * * LOW HITPOINT WARNING * * *
Things that are here:
a bardiche; a chain mail You barely miss the centaur.
You squeeze the centaur, but do no damage.
The centaur is lightly wounded.
The centaur hits you with an enchanted halberd.
* * * LOW HITPOINT WARNING * * *
You hit the centaur but do no damage.
The centaur is lightly wounded.
The centaur closely misses you. The centaur barely misses you.
You hit the centaur. You freeze the centaur. Your squeeze misses the centaur.
The centaur is heavily wounded.
The centaur hits you with an enchanted halberd!
You die...

#################
##≈≈≈≈≈≈≈≈≈≈≈≈≈≈≈≈
##@...........o....
#..c...............
####'##########)...
#≈.........)..#####
#≈...≈≈≈≈≈≈≈≈≈)...#
##≈..≈≈.......≈≈≈)⌠.
##≈≈....≈≈≈≈≈≈≈))≈≈..
##≈≈...≈≈≈.....≈≈≈.≈≈.
#≈≈⌠..≈≈..≈≈≈≈≈..≈≈.≈.


You could see a centaur.

Vanquished Creatures
  Menkaure (D:7)
  A black bear (D:7)
  An orc warrior (Bailey)
  A sky beast (D:7)
  A crimson imp (D:8)
  A hound (D:4)
  Crazy Yiuf (D:7)
  2 orc priests
  2 orc wizards
  2 adders
  A giant gecko (D:3)
  14 orcs
  2 goblins
  A hobgoblin (D:2)
  2 jackals (D:4)
  A ball python skeleton (D:4)
  A bat (D:2)
  A giant newt (D:4)
  A kobold (D:3)
37 creatures vanquished.

Vanquished Creatures (collateral kills)
  An orc warrior (Bailey)
  A centaur (Bailey)
  15 orcs (Bailey)
17 creatures vanquished.

Vanquished Creatures (others)
  A centaur (D:5)
1 creature vanquished.

Grand Total: 55 creatures vanquished

Notes
Turn   | Place    | Note
--------------------------------------------------------------
     0 | D:1      | M4edhros the Octopode Artificer began the quest for the Orb.
     0 | D:1      | Reached XP level 1. HP: 13/13 MP: 3/3
    35 | D:2      | Noticed Robin
   289 | D:2      | Found a white marble altar of Elyvilon.
   391 | D:3      | Reached XP level 2. HP: 2/18 MP: 4/4
   692 | D:4      | Reached XP level 3. HP: 12/23 MP: 5/5
   860 | D:5      | Entered Level 5 of the Dungeon
  1042 | D:4      | Reached XP level 4. HP: 28/28 MP: 6/6
  1057 | D:4      | Reached skill level 4 in Stealth
  1087 | D:4      | Noticed Blork the orc
  1379 | D:4      | Reached XP level 5. HP: 18/33 MP: 7/7
  1774 | D:5      | Noticed Eustachio
  1830 | D:5      | Noticed a centaur
  1832 | D:5      | Noticed an ice beast
  1838 | D:5      | Reached skill level 5 in Stealth
  1880 | D:5      | You fall through a shaft for 3 floors!
  2115 | D:8      | Reached XP level 6. HP: 35/38 MP: 9/9
  2172 | D:7      | Found an opulent altar of Gozag.
  2184 | D:7      | Noticed a sky beast
  2198 | D:7      | Noticed a black bear
  2250 | D:7      | Killed a sky beast
  2294 | D:7      | Noticed Crazy Yiuf
  2301 | D:7      | Killed Crazy Yiuf
  2361 | D:7      | Noticed Menkaure
  2366 | D:7      | Killed Menkaure
  2366 | D:7      | Reached skill level 5 in Dodging
  2366 | D:7      | Reached skill level 6 in Stealth
  2366 | D:7      | Reached XP level 7. HP: 43/43 MP: 10/10
  2381 | D:7      | Reached skill level 7 in Stealth
  2405 | D:7      | Found a flagged portal.
  2561 | Bailey   | Entered a bailey
  3023 | Bailey   | Reached skill level 5 in Evocations
  3048 | Bailey   | HP: 2/43 [orc warrior/glaive (15)]
  3197 | Bailey   | Slain by a centaur

Vault maps used:
D:1:      tarquinn_simple_flora_water_b, minmay_misc_feat_encased
D:2:      lemuel_crystal_altar, old_standard_altar, elyvilon_altar_5, uniq_iyjb,
          uniq_jessica, uniq_robin
D:3:      kennysheep_ying_yang, minitemple
D:4:      serial_shops, kennysheep_mini, supply_closet_lemuel,
          uniq_blork_the_orc
D:5:      minmay_temple_entry_hall, serial_shops, nicolae_shop_crystal,
          first_bread, uniq_eustachio
D:7:      bloody_trog, nicolae_gozag_seed_capital, enter_bailey_2,
          uniq_menkaure, uniq_crazy_yiuf_cottage
D:8:      minmay_overflow_temple_star_quad, cheibriados_altar_1,
          grunt_lair_entry_orc_guard_hut, basic_altar, the_bakery
Bailey:   bailey_polearm_flooded_kennysheep, bailey

Action                   |  1- 3 |  4- 6 |  7- 9 || total
-------------------------+-------+-------+-------++-------
Melee: Short sword       |    41 |    10 |       ||    51
       Trident           |       |    25 |       ||    25
       Quarterstaff      |       |     1 |    31 ||    32
Evoke: Wand              |     3 |    20 |    17 ||    40
  Use: Scroll            |       |     4 |       ||     4
       Potion            |       |       |     1 ||     1
 Stab: Sleeping          |     2 |     4 |       ||     6
       Paralysed         |       |     2 |       ||     2
       Distracted        |       |       |     1 ||     1
  Eat: Chunk             |       |     4 |     1 ||     5
